 Dungeon Crawl Stone Soup version 0.29.1-2-gbd0b4ee654 (webtiles) character file.

Game seed: 17956837686750741259

328944 DemonSlayer the Eclecticist (level 20, -3/147 HPs)
             Began as a Demonspawn Fire Elementalist on Nov 12, 2022.
             Was the Champion of Cheibriados.
             Killed from afar by a deep elf sorcerer (31 damage)
             ... with a bolt of acid
             ... on level 3 of the Elven Halls on Nov 13, 2022.
             The game lasted 03:50:12 (49834 turns).

DemonSlayer the Eclecticist (DsFE)                 Turns: 49834, Time: 03:50:12

Health: -3/147     AC: 18    Str: 26    XL:     20   Next: 81%
Magic:  35/40      EV: 30    Int: 48    God:    Cheibriados [******]
Gold:   1818       SH: 31    Dex: 36    Spells: 2/51 levels left

rFire   + . .      SeeInvis .   r - +5 hand crossbow (vorpal)
rCold   + + .      Faith    .   Y - +5 kite shield {AC+3}
rNeg    + . .      Spirit   .   u - +4 troll leather armour
rPois   +          Reflect  +   (helmet unavailable)
rElec   .          Harm     .   a - +2 cloak {Will+}
rCorr   .          Rampage  .   V - +2 pair of gloves {infuse}
Will    ++...                   (no boots)
Stlth   ++++++++..              m - amulet of reflection
HPRegen 0.00/turn               I - ring "Sabunyly" {rC+ rN+ Int+6 Dex+2}
MPRegen 0.27/turn               b - ring "Itua" {rPois rF+ rC+ EV+4 Int+3}

@: corroded, sick, studying 3 skills, very slow
A: horns 3, thin skeletal structure 3, icemail 1, black mark, condensation
shield, bedeviling
}: 2/15 runes: decaying, serpentine
a: Renounce Religion, Bend Time, Temporal Distortion, Slouch, Step From Time


You were on level 3 of the Elven Halls.
You worshipped Cheibriados.
Cheibriados was exalted by your worship.
You visited 7 branches of the dungeon, and saw 34 of its levels.
You visited the Abyss 3 times.
You also visited: Gauntlet, Ice Cave and Volcano.

You collected 3644 gold pieces.
You spent 1826 gold pieces at shops.

Inventory:

Hand Weapons
 r - a +5 vorpal hand crossbow (weapon)
Missiles
 R - 13 curare-tipped darts
 T - 6 silver javelins
Armour
 a - a +2 cloak of willpower (worn)
 q - the +0 ring mail of Paranoia {rCorr Stlth+}
   (You found it on level 2 of the Elven Halls)

   rCorr:     It protects you from acid and corrosion.
   Stlth:     It makes you more stealthy.
 u - a +4 troll leather armour (worn)
 V - a +2 pair of gloves of infusion (worn)
 Y - a +5 kite shield of protection (worn)
 Z - the +3 chain mail of Evolution {rElec rPois rC+}
   (You found it on level 2 of the Swamp)

   rC:        It protects you from cold.
   rElec:     It insulates you from electricity.
   rPois:     It protects you from poison.
Jewellery
 b - the ring "Itua" (right hand) {rPois rF+ rC+ EV+4 Int+3}
   (You found it in a Gauntlet)

   [ring of evasion]

   EV:        It affects your evasion (+4).
   Int:       It affects your intelligence (+3).
   rF:        It protects you from fire.
   rC:        It protects you from cold.
   rPois:     It protects you from poison.
 m - an amulet of reflection (around neck)
 A - a ring of positive energy
 I - the ring "Sabunyly" (left hand) {rC+ rN+ Int+6 Dex+2}
   (You found it on level 7 of the Dungeon)

   [ring of intelligence]

   Int:       It affects your intelligence (+6).
   Dex:       It affects your dexterity (+2).
   rC:        It protects you from cold.
   rN:        It protects you from negative energy.
Wands
 t - a wand of quicksilver (5)
 y - a wand of flame (13)
 z - a wand of roots (39)
 C - a wand of digging (17)
 D - a wand of mindburst (8)
 L - a wand of paralysis (9)
 Q - a wand of polymorph (10)
Scrolls
 c - 12 scrolls of amnesia
 f - 2 scrolls of silence
 h - 3 scrolls of poison
 i - 4 scrolls of magic mapping
 k - a scroll of vulnerability
 l - a scroll of summoning
 n - 24 scrolls of teleportation
 o - 4 scrolls of fear
 v - 2 scrolls of torment
 B - 2 scrolls of brand weapon
 E - a scroll of fog
 G - 6 scrolls of immolation
Potions
 d - 8 potions of attraction
 e - 3 potions of lignification
 g - a potion of magic
 j - 3 potions of curing
 p - 6 potions of cancellation
 s - 10 potions of flight
 w - 2 potions of might
 x - 7 potions of mutation
 F - 3 potions of ambrosia
 H - 2 potions of heal wounds
 M - 6 potions of brilliance
 O - a potion of resistance
 U - a potion of invisibility
 X - 2 potions of berserk rage
Miscellaneous
 J - a box of beasts
 K - a lightning rod (4/4)
 N - a phial of floods


   Skills:
 + Level 10.1 Fighting
 + Level 4.0 Short Blades
 + Level 0.1 Axes
 + Level 15.5 Ranged Weapons
 + Level 3.0 Throwing
 + Level 5.5 Armour
 + Level 11.6 Dodging
 + Level 8.0 Stealth
 + Level 12.4 Shields
 + Level 16.2 Spellcasting
 + Level 10.5 Conjurations
 + Level 0.5 Hexes
 + Level 7.8 Translocations
 + Level 12.3 Fire Magic
 + Level 3.3 Air Magic
 + Level 3.6 Poison Magic
 + Level 1.1 Invocations
 + Level 2.1 Evocations


You had 2 spell levels left.
You knew the following spells:

 Your Spells              Type           Power      Damage    Failure   Level
a - Foxfire               Conj/Fire      100%       2x1d9     0%          1
b - Scorch                Fire           100%       2d10      0%          2
c - Conjure Flame         Conj/Fire      99%        6-21      1%          3
d - Flame Wave            Conj/Fire      99%        2d21      1%          4
e - Mephitic Cloud        Conj/Pois/Air  76%        N/A       1%          3
f - Iskenderun's Mystic   Conj/Tloc      91%        2d18      1%          4
g - Dazzling Flash        Conj/Hex       100%       N/A       1%          3
h - Cause Fear            Hex            30%        N/A       10%         4
i - Dispel Undead         Necr           39%        3d16      12%         4
j - Starburst             Conj/Fire      49%        6d14      1%          6
k - Iron Shot             Conj/Erth      37%        9d7       22%         6
l - Alistair's Intoxicat  Tmut/Pois      36%        N/A       16%         5
m - Fulminant Prism       Conj/Hex       47%        3d21      1%          4

Your spell library contained the following spells:

 Spells                   Type           Power      Damage    Failure   Level
 Magic Dart               Conj           100%       1d8       0%          1
 Apportation              Tloc           100%       N/A       1%          1
 Beastly Appendage        Tmut           78%        N/A       1%          1
 Necrotise                Necr           100%       1d9       1%          1
 Shock                    Conj/Air       100%       1d9       1%          1
 Sting                    Tmut/Pois      100%       1d8       1%          1
 Summon Small Mammal      Summ           100%       N/A       1%          1
 Call Imp                 Summ           39%        N/A       1%          2
 Poisonous Vapours        Pois/Air       100%       N/A       1%          2
 Wereblood                Tmut           39%        N/A       1%          2
 Inner Flame              Hex/Fire       100%       N/A       1%          3
 Portal Projectile        Hex/Tloc       100%       N/A       1%          3
 Spider Form              Tmut/Pois      54%        N/A       1%          3
 Swiftness                Air            63%        N/A       1%          3
 Olgreb's Toxic Radiance  Pois           65%        N/A       2%          4
 Call Canine Familiar     Summ           39%        N/A       3%          3
 Confusing Touch          Hex            61%        N/A       3%          3
 Summon Guardian Golem    Hex/Summ       58%        N/A       3%          3
 Airstrike                Air            31%        2d(5-21)  3%          4
 Corpse Rot               Necr/Pois/Air  57%        N/A       4%          4
 Leda's Liquefaction      Hex/Erth       29%        N/A       11%         4
 Animate Armour           Summ/Erth      78%        N/A       12%         4
 Summon Mana Viper        Hex/Summ       58%        N/A       30%         5
 Yara's Violent Unravell  Hex/Tmut       29%        3d12      30%         5
 Blade Hands              Tmut           19%        N/A       34%         5
 Borgnjor's Vile Clutch   Necr/Erth      19%        N/A       34%         5
 Lee's Rapid Deconstruct  Erth           19%        3d12*     34%         5
 Eringya's Noxious Bog    Tmut/Pois      27%        N/A       65%         6
 Death Channel            Necr           19%        N/A       88%         6
 Malign Gateway           Summ/Tloc      33%        N/A       91%         7
 Dragon Form              Tmut           19%        N/A       100%        7
 Enfeeble                 Hex            30%        N/A       100%        7
 Haunt                    Necr/Summ      19%        N/A       100%        7
 Summon Horrible Things   Summ           19%        N/A       100%        8
 Dragon's Call            Summ           19%        N/A       100%        9


Dungeon Overview and Level Annotations

Branches:
Dungeon (15/15)            Temple (1/1) D:6            Lair (5/5) D:11
  Swamp (4/4) Lair:3        Snake (4/4) Lair:2        Slime (0/5) Lair:4
    Orc (2/2) D:11            Elf (3/3) Orc:2        Vaults (0/5) D:13
 Depths (0/4) D:15          IceCv (visited)         Volcano (visited)
Gauntlet (visited)

Altars:
Ashenzari
Cheibriados
Dithmenos
Fedhas
Gozag
Hepliaklqana
Kikubaaqudgha
Makhleb
Nemelex Xobeh
Okawaru
Qazlal
Ru
Sif Muna
Trog
Uskayaw
Vehumet
Wu Jian
Xom
Yredelemnul
Jiyva

Shops:
D:10 =   Orc:2 [(**:   Elf:1 [   Elf:3 ?

Portals:
Bazaar: Snake:3
Trove: D:14 (give +7 demon whip)

Annotations:
Lair:3 3 runed translucent doors, Neyc's ghost, journeyman OpFi


Innate Abilities, Weirdness & Mutations

You have a pair of large horns on your head.
You have an unnaturally thin skeletal structure. (Dex +6, Stealth+++)
A meltable icy envelope protects you from harm. (AC +4)
Your melee attacks may debilitate your foes.
A meltable shield of frost defends you. (SH +4)
Your hexes are more powerful.


Message History

Aim: a deep elf sorcerer, wielding a +0 rapier, wearing a +0 leather armour and wearing an amulet of guardian spirit (fast, spells empowered, 74% to hit)
You shoot a bolt. The bolt hits the deep elf sorcerer!
The deep elf sorcerer is moderately wounded.
The deep elf sorcerer wildly gestures.
The deep elf sorcerer glows brightly for a moment.
The deep elf sorcerer misses you.
Unknown command.
Unknown command.
Unknown command.
Unknown command.
Fire: r) +5 hand crossbow (vorpal)
Press: ? - help, Shift-Dir - straight line, f/p - deep elf sorcerer
Aim: a deep elf sorcerer, wielding a +0 rapier, wearing a +0 leather armour and wearing an amulet of guardian spirit (moderately wounded, fast, spells empowered, 74% to hit)
You shoot a bolt. The bolt hits the deep elf sorcerer!
The deep elf sorcerer is heavily wounded.
The deep elf sorcerer casts a spell at you.
The bolt of acid hits you!!!
* * * LOW HITPOINT WARNING * * *
The acid corrodes you!
You block the deep elf sorcerer's attack.
Unknown command.
Unknown command.
Unknown command.
Casting: Iskenderun's Mystic Blast (safe; 1% risk of failure)
Confirm with . or Enter, or press ? or * to list all spells.
You erupt in a blast of force!
The mystic blast hits the deep elf sorcerer!!
The deep elf sorcerer is severely wounded.
The deep elf sorcerer is knocked back by the mystic blast.
The deep elf sorcerer slams into the stone wall!
You kill the deep elf sorcerer!
Cheibriados thoroughly appreciates the change of pace.
You hear a shout!
A deep elf sorcerer comes into view. It is wielding a +0 rapier.
Unknown command.
Unknown command.
You feel better.
The deep elf sorcerer points at you and mumbles some strange words.
The bolt of acid hits you!!
You die...

#~~≈~~~~≈~~~≈~~~~~~≈~...~≈~~~~~
#≈≈≈≈≈≈≈≈≈≈~≈≈~≈≈~≈~~.).~≈≈≈≈≈≈
#####################'''#######
...................
....).[...).......
########'#####'########+
'..........'.).....#....
#......)))[#..)....+....
#....).@)))#.......#....
##########e############# )...
.....e #.......e .........
.....#### ####


You could see a deep elf sorcerer.

Vanquished Creatures
  Bai Suzhen (Swamp:3)
  the Lernaean hydra (Swamp:4)
  Vashnia (Snake:4)
  A bone dragon (Abyss:3)
  Mlioglotl (Snake:1)
  Jorgrun (Snake:2)
  Asterion (Snake:3)
  A lich (Abyss:3)
  A deep elf blademaster (Elf:3)
  4 deep elf master archers (Elf:3)
  3 tentacled starspawn (Abyss:3)
  The ghost of Lifilof the Warrior, an adept MiFi of Jiyva (Swamp:2)
  A thorn hunter (Swamp:4)
  Donald (Snake:2)
  Kirke (Lair:3)
  4 nagarajas
  The ghost of Ypsiuj the Thaumaturge, an adept GnSk of Makhleb (Swamp:4)
  7 deep elf sorcerers
  A cacodemon (Abyss:3)
  Louise (Swamp:2)
  2 deep elf elementalists (Elf:3)
  A very ugly thing (IceCv)
  The ghost of Plog the Warrior, a journeyman MiBe of Trog (Swamp:2)
  A reaper (Abyss:3)
  3 deep elf demonologists
  4 eleionomae
  The ghost of Sabo the Severer, a journeyman GrBe of Trog (Swamp:2)
  6 deep elf annihilators (Elf:3)
  A dire elephant (Lair:5)
  A minotaur (Gauntlet)
  7 bunyips
  An eidolon (Abyss:3)
  2 deep elf death magi
  4 deep elf high priests (Elf:3)
  An ettin (D:15)
  A shambling mangrove (Swamp:4)
  3 salamander tyrants (Snake:4)
  Josephine (D:11)
  A spectral fenstrider witch (Swamp:4)
  A fire dragon (Lair:5)
  3 vault guards (D:13)
  A rakshasa (D:12)
  6 anacondas
  2 spriggan air magi
  19 hydras
  2 caustic shrike simulacra (IceCv)
  A catoblepas (D:14)
  Erica (D:8)
  4 centaur warriors
  31 dancing weapons
  2 ghost crabs (Swamp:2)
  14 naga warriors
  10 alligators
  7 death yaks
  4 tengu warriors (D:15)
  5 two-headed ogres
  A spriggan berserker (Swamp:4)
  7 orc high priests
  26 naga sharpshooters
  5 shock serpents
  12 thrashing horrors (Abyss:3)
  13 deep elf knights
  A hell knight (Volcano)
  3 wretched stars (Abyss:3)
  5 salamander mystics
  A spectral spriggan (Swamp:4)
  A shadow wraith (Abyss:3)
  2 sixfirhies (Abyss:3)
  2 deep trolls (D:15)
  3 goliath frogs
  6 swamp dragons
  A fenstrider witch simulacrum (Swamp:4)
  An anaconda zombie (Abyss:3)
  4 spriggan druids
  A wizard (D:13)
  A bunyip zombie (Abyss:3)
  4 naga ritualists
  An anaconda skeleton (Abyss:3)
  9 deep elf archers
  3 bog bodies
  17 deep elf pyromancers
  5 necromancers
  2 lindwurms (Lair:5)
  A wolf spider (Gauntlet)
  9 orc knights
  7 mana vipers
  22 deep elf zephyrmancers
  A manticore (D:11)
  3 cyclopes
  An ugly thing (D:10)
  2 orc sorcerers
  13 salamanders
  2 elephants (Lair:5)
  A moth of wrath (Gauntlet)
  4 guardian serpents
  3 worldbinders (Abyss:3)
  3 orange demons (Abyss:3)
  24 black mambas
  Maurice (D:10)
  9 cane toads
  4 molten gargoyles
  20 naga magi
  An apocalypse crab (Abyss:3)
  A gargoyle (D:7)
  4 smoke demons (Abyss:3)
  An unseen horror (D:12)
  4 rime drakes
  An alligator snapping turtle skeleton (Abyss:3)
  2 torpor snails (Lair:5)
  Maggie (Lair:2)
  A minotaur zombie (Gauntlet)
  2 yaktaurs (Volcano)
  A komodo dragon (shapeshifter) (D:15)
  2 tengu conjurers (D:15)
  2 hellwings (Abyss:3)
  7 freezing wraiths
  3 spectral death drakes (Swamp:4)
  16 komodo dragons
  3 anaconda simulacra (IceCv)
  4 ancient zymes (Abyss:3)
  A tormentor (Abyss:3)
  7 trolls
  A red devil (Abyss:3)
  A bloated husk (Swamp:2)
  A golden dragon simulacrum (IceCv)
  2 polar bears
  9 tyrant leeches
  A wolf spider simulacrum (D:15)
  A harpy skeleton (Abyss:3)
  15 hornets
  Prince Ribbit (D:7)
  12 blink frogs
  Grinder (D:5)
  5 slime creatures
  8 raiju
  6 dream sheep (Lair:5)
  2 water elementals
  2 centaur simulacra (D:14)
  Sigmund (D:6)
  7 wraiths
  15 starcursed masses (Abyss:3)
  2 ynoxinuls (Abyss:3)
  A dire elephant simulacrum (IceCv)
  12 spriggans
  An air elemental (Elf:1)
  11 wyverns
  Eustachio (D:6)
  5 fire bats (Volcano)
  A vampire (D:7)
  15 humans (D:13)
  47 yaks
  4 fire elementals
  3 hogs (Lair:3)
  3 chaos spawn (Abyss:3)
  5 large abominations (Abyss:3)
  A vampire mosquito (D:7)
  9 basilisks
  2 neqoxecs (Abyss:3)
  2 redbacks (Gauntlet)
  Grum (D:8)
  2 steam dragons
  A harpy simulacrum (IceCv)
  A warg (Orc:2)
  An acid dragon (D:12)
  4 death drake simulacra (Swamp:4)
  41 nagas
  12 swamp worms
  11 water moccasins
  5 hell hounds (Lair:5)
  3 ice beasts
  9 swamp drakes
  60 orc warriors
  5 black bears
  2 sky beasts
  An ettin simulacrum (IceCv)
  An alligator simulacrum (IceCv)
  25 wolves
  5 ogres
  22 centaurs
  6 small abominations (Abyss:3)
  2 phantoms
  Blork the orc (D:6)
  5 kobold brigands
  15 bullfrogs
  4 scorpions
  4 earth elementals
  2 necrophages
  6 wights (D:7)
  2 lindwurm simulacra (IceCv)
  A killer bee (D:11)
  An electric eel (Lair:5)
  A howler monkey (D:7)
  10 lava snakes
  7 jellies
  34 orc priests
  Crazy Yiuf (D:2)
  A gnoll bouda (D:7)
  An iron imp (Abyss:3)
  Terence (D:3)
  2 iguanas (D:6)
  Natasha (thrice) (D:3)
  28 orc wizards
  2 lightning spires (Gauntlet)
  4 gnolls (D:2)
  3 adders
  A shadow imp (D:8)
  5 white imps
  4 ufetubi
  4 worms
  4 dart slugs
  119 orcs
  19 endoplasms
  A giant cockroach (D:2)
  12 goblins
  17 hobgoblins
  17 kobolds
  7 quokkas
  6 ball pythons
  4 bats
  4 frilled lizards
  8 rats
  2 starspawn tentacles (Abyss:3)
1329 creatures vanquished.

Vanquished Creatures (collateral kills)
  A naga mage (Snake:4)
1 creature vanquished.

Vanquished Creatures (others)
  A wizard (D:13)
  A deep elf pyromancer (Elf:2)
  A bloated husk (Swamp:3)
  An orc wizard (Orc:1)
  A bush (Lair:5)
  2 demonic plants (Abyss:3)
  775 foxfires
  46 fungi
  48 plants
  6 starspawn tentacles (Abyss:3)
  14 withered plants (Gauntlet)
896 creatures vanquished.

Grand Total: 2226 creatures vanquished

Notes
Turn   | Place    | Note
-------+----------+-------------------------------------------
     0 | D:1      | DemonSlayer the Demonspawn Fire Elementalist began the
                  | quest for the Orb.
     0 | D:1      | Reached XP level 1. HP: 13/13 MP: 3/3
   505 | D:1      | Gained mutation: A meltable shield of frost defends you.
                  | (SH +4) [demonic ancestry]
   505 | D:1      | Reached XP level 2. HP: 19/19 MP: 5/5
   508 | D:1      | Learned a level 2 spell: Scorch
  1329 | D:1      | Reached XP level 3. HP: 24/24 MP: 2/6
  1768 | D:1      | Learned a level 3 spell: Conjure Flame
  1843 | D:2      | Found a faded altar of an unknown god.
  2650 | D:2      | Found a shimmering altar of Xom.
  3008 | D:2      | Found a runed translucent door.
  3009 | D:2      | Noticed Crazy Yiuf
  3299 | D:2      | Gained mutation: A meltable icy envelope protects you from
                  | harm. (AC +4) [demonic ancestry]
  3299 | D:2      | Reached XP level 4. HP: 30/30 MP: 5/8
  3720 | D:2      | Killed Crazy Yiuf
  3721 | D:2      | Gained mutation: You have a somewhat thin skeletal
                  | structure. (Dex +2, Stealth+) [demonic ancestry]
  3721 | D:2      | Reached XP level 5. HP: 35/35 MP: 4/9
  3954 | D:3      | Noticed Terence
  3961 | D:3      | Killed Terence
  3962 | D:3      | Reached skill level 3 in Spellcasting
  5310 | D:3      | Reached skill level 1 in Armour
  5368 | D:3      | Noticed Natasha
  5465 | D:3      | Killed Natasha
  5532 | D:3      | Noticed Natasha
  5536 | D:3      | Killed Natasha
  5537 | D:3      | Noticed Natasha
  5548 | D:3      | Killed Natasha
  5549 | D:3      | Reached XP level 6. HP: 37/41 MP: 0/11
  5561 | D:3      | Reached skill level 1 in Short Blades
  5823 | D:3      | Reached skill level 1 in Shields
  6131 | D:3      | Learned a level 4 spell: Flame Wave
  6439 | D:4      | Found a burning altar of Makhleb.
  6445 | D:4      | Noticed an angel
  6445 | D:4      | Noticed a green death
  6487 | D:4      | Noticed a sky beast
  6492 | D:4      | Killed a sky beast
  7071 | D:4      | Found a basalt altar of Yredelemnul.
  7071 | D:4      | Found a bloodstained altar of Trog.
  7115 | D:5      | Entered Level 5 of the Dungeon
  7473 | D:5      | Noticed Grinder
  7479 | D:5      | Killed Grinder
  7480 | D:5      | Reached skill level 4 in Spellcasting
  7480 | D:5      | Gained mutation: You have a moderately thin skeletal
                  | structure. (Dex +4, Stealth++) [demonic ancestry]
  7480 | D:5      | Reached XP level 7. HP: 47/47 MP: 3/13
  7583 | D:5      | Identified the +0 ring mail of the Jackalope {Str+4 Int+4
                  | Slay+2}
  7764 | D:5      | Reached skill level 5 in Fire Magic
  8259 | D:6      | Reached skill level 5 in Spellcasting
  8259 | D:6      | Reached XP level 8. HP: 38/53 MP: 1/15
  8733 | D:6      | Noticed Blork the orc
  8733 | D:6      | Noticed Eustachio
  8750 | D:6      | Killed Eustachio
  8762 | D:6      | Killed Blork the orc
  9291 | D:6      | Found an opulent altar of Gozag.
  9532 | D:6      | Noticed Sigmund
  9538 | D:6      | Killed Sigmund
  9539 | D:6      | Reached skill level 6 in Spellcasting
  9650 | D:6      | Found a radiant altar of Vehumet.
  9905 | D:6      | Found a staircase to the Ecumenical Temple.
 10047 | Temple   | Entered the Ecumenical Temple
 10225 | Temple   | Became a worshipper of Cheibriados the Contemplative
 10512 | D:6      | Learned a level 3 spell: Mephitic Cloud
 10537 | D:7      | Reached XP level 9. HP: 50/58 MP: 11/18
 10763 | D:7      | Learned a level 4 spell: Iskenderun's Mystic Blast
 10767 | D:7      | Learned a level 3 spell: Dazzling Flash
 10909 | D:7      | Reached skill level 7 in Spellcasting
 11630 | D:8      | Reached * piety under Cheibriados
 11790 | D:8      | Noticed Erica
 11814 | D:8      | Killed Erica
 11815 | D:8      | Reached skill level 1 in Fighting
 11815 | D:8      | Reached skill level 1 in Throwing
 11992 | D:8      | Noticed Grum
 12006 | D:8      | Reached skill level 8 in Spellcasting
 12217 | D:8      | Found an ancient bone altar of Kikubaaqudgha.
 12248 | D:8      | Killed Grum
 12250 | D:8      | Gained mutation: You have a pair of small horns on your
                  | head. [demonic ancestry]
 12250 | D:8      | Reached XP level 10. HP: 56/65 MP: 1/22
 12901 | D:9      | Noticed a two-headed ogre
 12970 | D:9      | Noticed a two-headed ogre
 12978 | D:9      | Killed a two-headed ogre
 12979 | D:9      | Reached skill level 9 in Spellcasting
 13065 | D:9      | Reached ** piety under Cheibriados
 13236 | D:9      | Killed a two-headed ogre
 13765 | D:10     | Entered Level 10 of the Dungeon
 13771 | D:10     | Noticed Maurice
 13799 | D:10     | Killed Maurice
 13890 | D:10     | Reached skill level 10 in Spellcasting
 14171 | D:10     | Found Luuzafen's Jewellery Shoppe.
 14395 | D:10     | Learned a level 4 spell: Cause Fear
 14400 | D:10     | Learned a level 4 spell: Dispel Undead
 14457 | D:10     | Reached XP level 11. HP: 70/70 MP: 5/25
 14675 | D:11     | Noticed a green ugly thing
 14777 | D:11     | Noticed Josephine
 14943 | D:7      | Reached *** piety under Cheibriados
 15130 | D:7      | Noticed Prince Ribbit
 15137 | D:7      | Killed Prince Ribbit
 15165 | D:7      | Noticed an orc knight
 15192 | D:7      | Killed an orc knight
 15193 | D:7      | Reached skill level 1 in Poison Magic
 15505 | D:7      | Reached skill level 11 in Spellcasting
 15657 | D:7      | Noticed a two-headed ogre
 15663 | D:7      | Killed a two-headed ogre
 15840 | D:7      | Reached skill level 1 in Air Magic
 15900 | D:7      | Identified the ring "Sabunyly" {rC+ rN+ Int+6 Dex+2}
 16189 | D:10     | Killed a green ugly thing
 16376 | D:11     | Reached **** piety under Cheibriados
 16526 | D:11     | Killed Josephine
 16527 | D:11     | Reached skill level 10 in Fire Magic
 17228 | D:11     | Found a staircase to the Lair.
 17252 | D:11     | Noticed a two-headed ogre
 17262 | D:11     | Killed a two-headed ogre
 17263 | D:11     | Gained mutation: You have a pair of horns on your head.
                  | [demonic ancestry]
 17263 | D:11     | Reached XP level 12. HP: 76/76 MP: 22/27
 17342 | D:11     | Reached skill level 5 in Stealth
 17383 | D:11     | Reached ***** piety under Cheibriados
 17558 | D:11     | Found a staircase to the Orcish Mines.
 17821 | D:11     | Learned a level 6 spell: Starburst
 17849 | Lair:1   | Entered Level 1 of the Lair of Beasts
 17851 | Lair:1   | Reached skill level 12 in Spellcasting
 18533 | Lair:1   | Reached skill level 1 in Translocations
 18901 | Lair:2   | Found a staircase to the Snake Pit.
 18976 | Lair:2   | Found a dark tunnel.
 18994 | Volcano  | Entered a volcano
 19450 | Volcano  | Reached skill level 5 in Conjurations
 19517 | Volcano  | Found a burning altar of Makhleb.
 19517 | Volcano  | Noticed a centaur warrior
 19529 | Volcano  | Killed a centaur warrior
 19560 | Volcano  | Reached skill level 5 in Shields
 20292 | Lair:2   | Noticed Maggie
 20306 | Lair:2   | Killed Maggie
 20511 | Lair:2   | Reached ****** piety under Cheibriados
 21310 | Lair:3   | Found a staircase to the Swamp.
 21314 | Lair:3   | Noticed a five-headed hydra
 21324 | Lair:3   | Killed a five-headed hydra
 21325 | Lair:3   | Gained mutation: You have an unnaturally thin skeletal
                  | structure. (Dex +6, Stealth+++) [demonic ancestry]
 21325 | Lair:3   | Reached XP level 13. HP: 74/82 MP: 29/29
 21390 | Lair:3   | Noticed Kirke
 21447 | Lair:3   | Killed Kirke
 21448 | Lair:3   | Reached skill level 1 in Evocations
 21649 | Lair:3   | Found a runed translucent gate.
 21649 | Lair:3   | Found a runed translucent gate.
 21650 | Lair:3   | Found a runed translucent gate.
 21663 | Lair:3   | Noticed a minotaur
 21664 | Lair:3   | Noticed Neyc's ghost (journeyman OpFi)
 21691 | Lair:3   | Reached skill level 13 in Spellcasting
 22609 | Lair:4   | Found a staircase to the Slime Pits.
 22609 | Lair:4   | Found a viscous altar of Jiyva.
 22630 | Lair:4   | Reached skill level 5 in Dodging
 23010 | Lair:4   | Identified the +1 scale mail of the Turtledove {rElec}
 23502 | Lair:5   | Entered Level 5 of the Lair of Beasts
 23953 | Lair:5   | Noticed a dire elephant
 23975 | Lair:5   | Killed a dire elephant
 23992 | Lair:5   | Reached XP level 14. HP: 84/89 MP: 4/31
 24163 | Lair:5   | Found the +5 robe of Misfortune {Harm *Corrode *Slow EV+5}
 25333 | Lair:5   | Reached skill level 14 in Spellcasting
 25374 | Lair:5   | Found a large runed translucent door.
 25406 | Lair:5   | Found a large runed translucent door.
 26543 | Lair:5   | Learned a level 6 spell: Iron Shot
 26733 | Orc:1    | Entered Level 1 of the Orcish Mines
 27040 | Orc:2    | Entered Level 2 of the Orcish Mines
 27043 | Orc:2    | Found a staircase to the Elven Halls.
 28702 | Orc:2    | Found Vitall's Antique Armour Emporium.
 28705 | Orc:2    | Found Cyuxihim's Assorted Antiques.
 28706 | Orc:2    | Found Gaenkinga's Assorted Antiques.
 28707 | Orc:2    | Found Hylehaik's Weapon Emporium.
 28711 | Orc:2    | Bought a scroll labelled TUANAGO TAYLEC for 27 gold pieces
 28711 | Orc:2    | Bought a scroll of fear for 108 gold pieces
 28711 | Orc:2    | Bought a scroll of teleportation for 81 gold pieces
 28711 | Orc:2    | Bought a scroll labelled PETZIN XAGH for 27 gold pieces
 28718 | Orc:2    | Bought a coral ring for 215 gold pieces
 28718 | Orc:2    | Bought a potion of invisibility for 344 gold pieces
 28768 | Orc:2    | Found Mynwasuwi's Vocational Training.
 29029 | Orc:1    | Reached skill level 1 in Ranged Weapons
 29584 | D:12     | Gained mutation: Your hexes are more powerful. [demonic
                  | ancestry]
 29584 | D:12     | Reached XP level 15. HP: 96/96 MP: 22/33
 30688 | Abyss:3  | Cast into level 3 of the Abyss (a wizard)
 30949 | D:13     | Escaped the Abyss
 31360 | D:13     | Reached skill level 5 in Ranged Weapons
 31365 | D:13     | Reached skill level 5 in Translocations
 31440 | D:13     | Found a gate to the Vaults.
 31945 | D:14     | Found a frozen archway.
 31976 | IceCv    | Entered an ice cave
 32426 | D:14     | Found a portal to a secret trove of treasure.
 32785 | D:15     | Entered Level 15 of the Dungeon
 32833 | D:15     | Found a gate leading to a gauntlet.
 32842 | Gauntlet | Entered a Gauntlet
 32842 | Gauntlet | Found a transporter.
 32842 | Gauntlet | Found a transporter.
 32842 | Gauntlet | Found a transporter.
 32845 | Gauntlet | Found a transporter.
 32857 | Gauntlet | Found a transporter.
 32858 | Gauntlet | Found a transporter.
 32864 | Gauntlet | Found a transporter.
 32879 | Gauntlet | Found a transporter.
 32901 | Gauntlet | Found a transporter.
 32927 | Gauntlet | Found a transporter.
 32987 | Gauntlet | Found a transporter.
 32997 | Gauntlet | Found a transporter.
 33078 | Gauntlet | Identified the ring "Itua" {rPois rF+ rC+ EV+4 Int+3}
 33603 | Gauntlet | Identified the +0 glaive of Fogy {antimagic, rF+ rN++ Str-2
                  | Int+4}
 34052 | D:15     | Found a staircase to the Depths.
 34926 | Snake:1  | Entered Level 1 of the Snake Pit
 34966 | Snake:1  | Reached XP level 16. HP: 105/105 MP: 34/34
 35342 | Snake:1  | Reached skill level 15 in Spellcasting
 35861 | Snake:1  | Reached skill level 1 in Invocations
 36107 | Snake:2  | Noticed Mlioglotl
 36128 | Snake:1  | Killed Mlioglotl
 36334 | Snake:2  | Noticed Donald
 36351 | Snake:2  | Killed Donald
 36789 | Snake:2  | Noticed Jorgrun
 36799 | Snake:2  | Killed Jorgrun
 37774 | Snake:2  | Learned a level 5 spell: Alistair's Intoxication
 37891 | Snake:3  | Found a gateway to a bazaar.
 38331 | Orc:2    | Bought a scroll of brand weapon for 408 gold pieces
 39032 | Snake:3  | Noticed Asterion
 39046 | Snake:3  | Killed Asterion
 39190 | Snake:4  | Entered Level 4 of the Snake Pit
 39230 | Snake:4  | Reached skill level 10 in Ranged Weapons
 39256 | Snake:4  | Noticed Vashnia
 39269 | Snake:4  | Reached skill level 5 in Fighting
 40059 | Snake:4  | Killed Vashnia
 40096 | Snake:4  | Reached XP level 17. HP: 115/115 MP: 22/36
 40114 | Snake:4  | Reached skill level 10 in Shields
 40930 | Snake:4  | Got a serpentine rune of Zot
 41643 | Swamp:1  | Entered Level 1 of the Swamp
 42178 | Swamp:1  | Identified the +0 ring mail of Reacos {Harm rC+ Dex+4}
 42480 | Swamp:2  | Noticed Louise
 42491 | Swamp:2  | Killed Louise
 42686 | Swamp:2  | Identified the +3 chain mail of Evolution {rElec rPois rC+}
 42976 | Swamp:2  | Found a runed translucent gate.
 42976 | Swamp:2  | Found a runed translucent gate.
 42976 | Swamp:2  | Found a runed translucent gate.
 42981 | Swamp:2  | Noticed Sabo's ghost (journeyman GrBe)
 42981 | Swamp:2  | Noticed Plog's ghost (journeyman MiBe)
 42982 | Swamp:2  | Noticed Lifilof's ghost (adept MiFi)
 43009 | Swamp:2  | Killed Plog's ghost
 43018 | Swamp:2  | Killed Sabo's ghost
 43020 | Swamp:2  | Killed Lifilof's ghost
 43519 | Swamp:3  | Noticed Bai Suzhen
 43533 | Swamp:3  | Killed Bai Suzhen
 43631 | Swamp:3  | Reached XP level 18. HP: 125/125 MP: 37/37
 43884 | Swamp:4  | Entered Level 4 of the Swamp
 44031 | Swamp:4  | Found a runed translucent gate.
 44032 | Swamp:4  | Found a runed translucent gate.
 44039 | Swamp:4  | Found a runed translucent gate.
 44065 | Swamp:4  | Noticed Ypsiuj's ghost (adept GnSk)
 44214 | Swamp:4  | Noticed the 27-headed Lernaean hydra
 44227 | Swamp:4  | Killed the 27-headed Lernaean hydra
 44574 | Swamp:4  | Got a decaying rune of Zot
 44653 | Swamp:4  | Killed Ypsiuj's ghost
 44662 | Swamp:4  | Identified the +1 cloak of Distant Shores {SInv}
 45423 | Elf:1    | Entered Level 1 of the Elven Halls
 45446 | Elf:1    | Found a radiant altar of Vehumet.
 45509 | Elf:1    | Reached skill level 16 in Spellcasting
 45552 | Elf:1    | Found Wuroq's Armour Emporium.
 46128 | Elf:1    | Got the Codex of Formation
 46387 | Elf:2    | Reached skill level 5 in Armour
 46486 | Elf:2    | Identified the +0 ring mail of Paranoia {rCorr Stlth+}
 46568 | Elf:2    | Reached skill level 10 in Dodging
 46770 | Elf:2    | Found a runed translucent gate.
 46771 | Elf:2    | Found a runed translucent gate.
 46771 | Elf:2    | Found a runed translucent gate.
 46948 | Elf:2    | Gained mutation: You have a pair of large horns on your
                  | head. [demonic ancestry]
 46948 | Elf:2    | Reached XP level 19. HP: 134/135 MP: 36/39
 46967 | Elf:2    | HP: 6/136 [+4 glaive of venom (29)]
 47475 | Elf:2    | Reached skill level 10 in Conjurations
 47475 | Elf:2    | Gained mutation: Your melee attacks may debilitate your
                  | foes. [demonic ancestry]
 47475 | Elf:2    | Reached XP level 20. HP: 143/143 MP: 40/40
 47823 | Elf:2    | Learned a level 4 spell: Fulminant Prism
 47895 | Elf:3    | Entered Level 3 of the Elven Halls
 48144 | Elf:3    | Found Varupli's Magic Scroll Boutique.
 48147 | Elf:3    | Bought a scroll of enchant weapon for 142 gold pieces
 48147 | Elf:3    | Bought a scroll of brand weapon for 180 gold pieces
 48147 | Elf:3    | Bought a scroll of brand weapon for 180 gold pieces
 48147 | Elf:3    | Bought a scroll of teleportation for 57 gold pieces
 48147 | Elf:3    | Bought a scroll of teleportation for 57 gold pieces
 48762 | Elf:3    | Identified the +3 troll leather armour "Xilur" {rPois rF+
                  | Regen+}
 48776 | Abyss:3  | Cast into level 3 of the Abyss (a deep elf sorcerer)
 48793 | Abyss:3  | Paralysed by accursed screaming for 1 turns
 49096 | Abyss:3  | Reached skill level 15 in Ranged Weapons
 49264 | Elf:3    | Escaped the Abyss
 49321 | Abyss:3  | Cast into level 3 of the Abyss (a deep elf sorcerer)
 49354 | Abyss:3  | Noticed a bone dragon
 49370 | Abyss:3  | Killed a bone dragon
 49390 | Abyss:3  | Noticed a bone dragon
 49399 | Abyss:3  | Found a corrupted altar of Lugonu.
 49764 | Elf:3    | Escaped the Abyss
 49797 | Elf:3    | Reached skill level 10 in Fighting
 49814 | Elf:3    | Identified the +2 leather armour "Ciqoutog" {Str+3}
 49821 | Elf:3    | Identified the +4 plate armour of Evolution {Str+5}
 49834 | Elf:3    | Killed from afar by a deep elf sorcerer

Illustrated notes

Levels and vault maps discovered:
D:1:      eino_arrival_druids_welcome, layout_loops_corners
D:2:      cheibrodos_greedy_goblins, layout_loops_cross, basic_altar,
          shapermc_ecumenical_altar_starsandcircs, uniq_crazy_yiuf_cottage
D:3:      layout_basic, minmay_close_crescents, uniq_terence, uniq_natasha
D:4:      layout_basic, grunt_temple_overflow_order_and_chaos_2,
          gammafunk_temple_overflow_wave, elyvilon_altar_3,
          minmay_crystal_water, minmay_surrounded
D:5:      layout_basic, uniq_grinder
D:6:      layout_cave_pods, nicolae_overflow_crystal_walls, grunt_gozag_statues,
          minmay_temple_entry_antechambers, uniq_blork_the_orc, uniq_sigmund,
          uniq_eustachio
D:7:      minmay_the_grid_plus_closed [minmay_the_grid_armoury,
          minmay_the_grid_rooms, minmay_the_grid_x, minmay_the_grid_large_cup,
          minmay_the_grid_prize_shrinking_boxes], layout_basic,
          grunt_ministairs_14, uniq_prince_ribbit1
D:8:      layout_rooms, lemuel_tele_altar, minmay_manual_mares, uniq_grum,
          uniq_erica
D:9:      layout_rooms
D:10:     lemuel_slime, layout_rooms, serial_shops, shop_statue, uniq_maurice
D:11:     layout_cross, grunt_lair_entry_orc_guard_hut, david_orc_4,
          uniq_josephine
D:12:     layout_roguey [special_room_orc]
D:13:     minmay_cornered_nines, layout_cave_pods, grunt_vaults_entry_tiered
D:14:     layout_cave_pools, nicolae_trove_entry_crossroad,
          portal_ice_cave_entry_pillars_three, minmay_unpleasant_kobolds
D:15:     hangedman_depths_entry_civil_slaughter, layout_loops_ring,
          nicolae_water_bricks, gauntlet_entry_generic
Temple:   nicolae_temple_bog_church
Lair:1:   layout_gridlike, serial_bayou_shore_a, grunt_megastairs_2
Lair:2:   layout_cellular_growth, guppyfry_snake_entry_island,
          nicolae_volcano_entry_s_turn, chequers_serial_rivers_small_b,
          minivault_27, uniq_maggie
Lair:3:   layout_small_grid, swamp_mist, maelrawn_ghost_gauntlet_escape,
          st_stairs_12, uniq_kirke
Lair:4:   layout_gridlike, nicolae_slime_entry_slimehenge
Lair:5:   cheibrodos_lair_end_hotspot, layout_hall_layers, st_stairs_10,
          nicolae_lair_lakeside_cave
Swamp:1:  layout_basic_swamp, evilmike_swamp_ruin_house_6
Swamp:2:  layout_basic_swamp, gammafunk_ghost_cemetery,
          evilmike_swamp_ruin_rubble_2, infiniplex_staircase_pool, uniq_louise
Swamp:3:  layout_basic_swamp, evilmike_swamp_ruin_house_5, uniq_bai_suzhen
Swamp:4:  swamp_alternative, layout_basic_swamp, gammafunk_ghost_necromancy
Snake:1:  layout_gridlike
Snake:2:  layout_layer_cave, drop_trap, grunt_megastairs_3, uniq_mlioglotl,
          uniq_donald, uniq_jorgrun
Snake:3:  layout_cave_town, serial_shops, statue_bzr, nicolae_triple_integral,
          uniq_asterion
Snake:4:  snake_pit, layout_misc_corridors, uniq_vashnia
Orc:1:    cheibrodos_orc_bank, layout_caves, minmay_orc_barracks
Orc:2:    st_orc_pillars, layout_caves, basic_altar, nicolae_shop_vocational
Elf:1:    eino_elf_arrival_altar, layout_gridlike, serial_shops, shop,
          minmay_elf_demonology
Elf:2:    nicolae_elf_blades_crystal_corner, layout_geoelf_diagonals
Elf:3:    minmay_elf_hall_furrowed, layout_geoelf_castle, serial_shops,
          nicolae_shop_behind_doors

Skill      XL: |  1  2  3  4  5  6  7  8  9 10 11 12 13 14 15 16 17 18 19 20 |
---------------+-------------------------------------------------------------+-----
Fire Magic     | 3 4 5 6 7 9 10 11 12 | 12.3
Dodging        | 2 3 4 5 6 7 8 9 10 11 | 11.6
Stealth        | 2 3 4 5 7 8 |  8.0
Spellcasting   | 3 4 5 6 8 10 11 12 13 14 15 16 | 16.2
Conjurations   | 2 4 5 6 7 8 9 10 | 10.5
Armour         | 1 2 3 4 5 |  5.5
Short Blades   | 1 2 3 4 |  4.0
Shields        | 1 2 3 5 6 8 9 10 11 12 | 12.4
Fighting       | 1 2 3 5 6 8 10 | 10.1
Throwing       | 1 2 3 |  3.0
Poison Magic   | 1 2 3 |  3.6
Air Magic      | 1 2 3 |  3.3
Translocations | 2 4 5 6 7 |  7.8
Evocations     | 1 2 |  2.1
Ranged Weapons | 2 7 10 12 14 15 | 15.5
Invocations    | 1 |  1.1
Axes           | |  0.1
Hexes          | |  0.5

Action                   |  1- 3 |  4- 6 |  7- 9 | 10-12 | 13-15 | 16-18 | 19-21 || total
-------------------------+-------+-------+-------+-------+-------+-------+-------++-------
Melee: Short sword       |    10 |       |       |       |       |       |       ||    10
       Dagger            |    44 |    32 |    14 |   121 |   308 |       |       ||   519
       Unarmed           |     1 |       |       |       |       |       |       ||     1
       Hand axe          |       |    10 |       |       |       |       |       ||    10
       Headbutt          |       |       |       |    25 |   114 |       |       ||   139
       Hand crossbow     |       |       |       |       |     3 |       |       ||     3
 Fire: Hand crossbow     |       |       |       |       |   439 |  1112 |   392 ||  1943
Throw: Dart              |       |     5 |     4 |    30 |    12 |     9 |       ||    60
       Throwing net      |       |       |     4 |     2 |       |       |       ||     6
 Cast: Foxfire           |    97 |    80 |    12 |   151 |   106 |       |     5 ||   451
       Scorch            |       |    34 |   125 |   225 |   124 |     5 |       ||   513
       Mephitic Cloud    |       |       |     3 |    39 |    52 |    10 |       ||   104
       Flame Wave        |       |       |     1 |     4 |     3 |     4 |       ||    12
       Iskenderun's Myst |       |       |       |    45 |   262 |   173 |    59 ||   539
       Dazzling Flash    |       |       |       |    10 |    11 |       |       ||    21
       Starburst         |       |       |       |       |     1 |       |       ||     1
Invok: Slouch            |       |       |       |       |       |     1 |       ||     1
Evoke: Wand              |       |       |       |    34 |     7 |     5 |       ||    46
       Box of beasts     |       |       |       |       |     1 |     1 |       ||     2
       Lightning rod     |       |       |       |       |       |     1 |       ||     1
  Use: Potion            |     1 |     4 |       |    11 |    16 |     4 |     3 ||    39
       Scroll            |       |    10 |     8 |    11 |    19 |    15 |     4 ||    67
 Stab: Sleeping          |     3 |     5 |    10 |    17 |    14 |       |       ||    49
       Confused          |       |       |       |     8 |    13 |       |       ||    21
       Invisible         |       |       |       |       |     8 |       |       ||     8
       Distracted        |       |       |       |       |     3 |       |       ||     3
Armor: Robe              |    21 |       |     4 |    23 |       |       |       ||    48
       Leather armour    |       |    11 |    14 |       |       |       |       ||    25
       Troll leather arm |       |       |       |    31 |   138 |   121 |    17 ||   307
Dodge: Dodged            |    67 |    13 |    19 |   101 |   385 |   382 |    87 ||  1054
Block: Other             |    16 |       |       |       |       |       |       ||    16
       Buckler           |     2 |    48 |    79 |   262 |   755 |   263 |       ||  1409
       Reflection        |       |     1 |     7 |    28 |    52 |   170 |    39 ||   297
       Kite shield       |       |       |       |       |       |   542 |   254 ||   796
